Map: [ESL] Dragon Scales

Players

Mixu

  • Race: Zerg Zerg
  • League: Grandmaster
  • Spawn Location: 5:00

ShoWTimE - Winner!

  • Race: Protoss Protoss
  • League: Grandmaster
  • Spawn Location: 11:00

Event: HomeStory Cup XXIII

VOD

Have the link to the VOD?

Description

Time

  • Played on: July 1, 2023, 12:04 p.m.
  • Length: 14:04

All games in this series

Show
View Real Time Build Order
Export as new Build Order

Mixu Zerg 

Build Orders: Hatch First 

Get SALT Encoding   

  12  0:00  Drone  
  13  0:12  Overlord  
  13  0:17  Drone  
  14  0:31  Drone x2  
  16  0:48  Hatchery  
  15  0:51  Drone  
  15  0:54  Drone  
  17  0:57  Drone  
  18  1:08  Extractor  
  17  1:13  Spawning Pool  
  17  1:16  Drone  
  17  1:19  Drone  
  18  1:28  Drone  
  19  1:39  Drone  
  20  1:50  Overlord  
  20  1:59  Queen  
  20  2:00  Queen  
  24  2:01  Zergling x4  
  26  2:10  Drone  
  26  2:11  Drone  
  26  2:13  Metabolic Boost  
  28  2:22  Drone x2  
  30  2:34  Hatchery  
  29  2:39  Drone  
  29  2:42  Drone  
  31  2:45  Queen  
  31  2:50  Overlord  
  33  2:52  Drone  
  33  2:54  Zergling x2  
  33  2:57  Zergling x2  
  36  3:08  Queen  
  36  3:09  Overlord  
  38  3:13  Drone x2  
  38  3:14  Drone  
  38  3:18  Drone x2  
  43  3:26  Drone  
  44  3:27  Queen  
  44  3:28  Drone  
  48  3:34  Drone  
  48  3:36  Drone  
  48  3:40  Overlord  
  49  3:42  Zergling x4  
  49  3:44  Zergling x2  
  52  3:48  Drone  
  52  3:52  Drone  
  53  3:59  Overlord, Spore Crawler  
  50  4:05  Drone x4  
  51  4:14  Drone x3  
  51  4:15  Drone x3  
  57  4:18  Spore Crawler  
  57  4:19  Drone  
  57  4:20  Zergling x2  
  57  4:22  Zergling x2  
  60  4:31  Drone x2  
  60  4:38  Hatchery  
  60  4:42  Zergling x6  
  63  4:48  Queen  
  63  4:50  Overlord  
  63  4:52  Drone  
  66  4:53  Drone x2  
  66  4:54  Drone  
  69  5:02  Lair  
  69  5:03  Drone x2  
  69  5:05  Evolution Chamber  
  72  5:07  Drone x2  
  72  5:13  Drone x5  
  73  5:17  Drone  
  73  5:19  Drone x3  
  77  5:23  Drone x3  
  77  5:26  Drone  
  80  5:31  Overlord  
  80  5:32  Overlord  
  80  5:33  Zerg Melee Weapons Level 1  
  80  5:36  Extractor  
  80  5:38  Extractor x2  
  77  5:45  Hatchery  
  77  5:46  Zergling x4, Roach Warren  
  73  5:54  Drone x6  
  76  5:58  Drone  
  77  6:05  Drone  
  77  6:06  Baneling Nest  
  77  6:09  Overlord, Drone  
  77  6:10  Drone x2  
  80  6:15  Zergling x16  
  89  6:18  Drone  
  89  6:22  Drone  
  87  6:26  Roach x4  
  87  6:29  Roach x2  
  87  6:31  Overlord  
  99  6:39  Overlord  
  99  6:40  Roach x2  
  99  6:41  Glial Reconstitution  
  99  6:44  Overlord  
  103  6:51  Drone, Ravager x2  
  103  6:53  Roach x2  
  110  6:56  Baneling x3  
  110  6:57  Drone x4  
  110  6:58  Drone x4  
  110  7:00  Drone x2  
  116  7:09  Roach x4  
  116  7:10  Queen  
  116  7:14  Drone x4  
  117  7:17  Drone x2  
  117  7:21  Drone x4  
  122  7:25  Drone  
  122  7:26  Drone x4  
  122  7:28  Drone  
  128  7:30  Zergling x6, Ravager  
  128  7:36  Zerg Melee Weapons Level 2  
  132  7:37  Zergling x4  
  132  7:38  Overlord  
  132  7:40  Overlord  
  134  7:48  Overlord  
  134  7:49  Zergling x4  
  133  7:52  Overlord  
  133  7:53  Spore Crawler  
  133  7:55  Queen  
  133  7:56  Queen, Zergling x2  
  133  7:58  Zergling x14  
  141  7:59  Centrifugal Hooks  
  141  8:07  Drone x5  
  141  8:08  Roach x4  
  141  8:11  Overlord  
  141  8:12  Extractor, Overlord x2  
  153  8:17  Zergling x10  
  158  8:23  Overseer  
  158  8:25  Pneumatized Carapace  
  158  8:27  Overlord x2  
  158  8:28  Zergling x14  
  158  8:32  Roach x4  
  173  8:36  Baneling x6  
  173  8:39  Zergling x10  
  176  8:45  Zergling x4  
  178  8:49  Zergling x16  
  178  8:50  Baneling x6  
  178  8:51  Baneling x7  
  178  8:52  Zergling x2  
  187  8:57  Roach  
  187  8:58  Extractor  
  187  9:02  Extractor  
  187  9:03  Roach x4  
  187  9:07  Baneling x3  
  195  9:11  Zergling x8  
  196  9:18  Zergling x8  
  196  9:23  Baneling x8  
  198  9:32  Baneling x2  
  198  9:33  Baneling x5, Zergling x4  
  199  9:43  Baneling x7  
  198  9:47  Zergling x4  
  199  9:59  Roach x6  
  199  10:03  Roach x3  
  199  10:05  Roach x5  
  195  10:08  Roach x3  
  195  10:13  Roach x2  
  186  10:16  Zergling x6  
  186  10:20  Zergling x14  
  178  10:25  Zergling x6  
  178  10:28  Zergling x2  
  182  10:30  Baneling x6  
  182  10:32  Extractor  
  182  10:35  Extractor x2  
  178  10:37  Zerg Missile Weapons Level 1  
  178  10:38  Zergling x10  
  178  10:39  Baneling x14  
  183  10:47  Zergling x8  
  183  10:48  Hatchery  
  186  10:55  Zergling x16  
  186  10:56  Zergling x2  
  195  10:57  Baneling x14  
  188  11:07  Zergling x16  
  188  11:11  Roach x3  
  179  11:16  Zergling x8  
  161  11:20  Zergling x2  
  161  11:24  Roach x7  
  156  11:37  Zergling x20  
  156  11:38  Ravager x6  
  156  11:39  Baneling  
  172  11:40  Baneling x7  
  172  11:45  Zergling x6  
  175  11:51  Zergling x18  
  183  11:54  Spine Crawler  
  183  11:55  Zergling x2  
  183  11:57  Baneling x14  
  183  11:58  Baneling x4  
  183  12:00  Zergling x4  
  180  12:06  Zergling x6  
  174  12:10  Zergling x2  
  174  12:11  Zergling x2  
  174  12:12  Baneling x9  
  171  12:16  Drone x9  
  171  12:17  Drone  
  177  12:23  Zergling x10  
  173  12:37  Ravager x6  
  161  12:41  Roach x6  
  169  12:54  Roach  
  169  12:55  Baneling x5  
  170  13:00  Roach x4  
  170  13:01  Drone x3  
  170  13:03  Drone x3  
  178  13:06  Ravager x2  
  178  13:07  Ravager  
  178  13:10  Zergling x14  
  178  13:11  Baneling x11  
  183  13:14  Zergling x10  
  183  13:17  Zergling x16  
  183  13:19  Zergling x4  
  182  13:28  Zergling x14  
  176  13:38  Roach x3  
  176  13:39  Baneling x16  
Show
View Real Time Build Order
Export as new Build Order

ShoWTimE Protoss - Winner!

Build Orders: 1 Gate Expand, Oracle Opening 

Get SALT Encoding   

  12  0:00  Probe  
  13  0:12  Probe  
  14  0:18  Pylon  
  14  0:24  Probe  
  15  0:36  Probe (Chrono Boost)  
  15  0:40  Gateway  
  16  0:46  Probe (Chrono Boost), Assimilator  
  17  0:51  Probe (Chrono Boost)  
  18  1:03  Probe  
  19  1:15  Probe  
  20  1:23  Nexus  
  20  1:32  Cybernetics Core  
  20  1:35  Probe  
  21  1:41  Assimilator  
  21  1:47  Probe  
  21  1:49  Pylon  
  22  1:59  Probe  
  23  2:05  Adept (Chrono Boost)  
  25  2:11  Probe  
  26  2:20  Stargate  
  26  2:23  Probe (Chrono Boost)  
  26  2:25  Adept (Chrono Boost)  
  29  2:33  Warp Gate  
  29  2:35  Probe (Chrono Boost)  
  31  2:41  Probe (Chrono Boost)  
  32  2:44  Probe (Chrono Boost)  
  32  2:47  Adept  
  32  2:48  Probe (Chrono Boost)  
  32  2:49  Probe (Chrono Boost)  
  36  2:59  Probe  
  36  3:01  Probe  
  36  3:04  Oracle (Chrono Boost)  
  38  3:05  Pylon  
  38  3:11  Probe  
  42  3:13  Probe  
  42  3:17  Adept  
  45  3:22  Gateway  
  45  3:24  Probe  
  45  3:25  Probe  
  47  3:30  Pylon  
  47  3:34  Oracle (Chrono Boost)  
  47  3:36  Probe  
  47  3:37  Probe  
  52  3:48  Probe  
  52  3:49  Probe  
  54  4:00  Probe  
  54  4:01  Probe  
  54  4:02  Pylon  
  55  4:08  Oracle (Chrono Boost)  
  55  4:12  Nexus  
  55  4:13  Probe  
  55  4:14  Probe  
  55  4:15  Assimilator  
  60  4:18  Assimilator  
  60  4:20  Pylon  
  60  4:25  Adept  
  60  4:26  Adept  
  60  4:28  Probe  
  60  4:30  Probe  
  66  4:40  Probe, Forge  
  67  4:48  Probe, Robotics Facility  
  68  4:52  Probe  
  68  4:54  Gateway  
  68  4:57  Sentry x2  
  73  5:00  Probe  
  73  5:05  Probe  
  75  5:08  Pylon  
  75  5:09  Protoss Ground Weapons Level 1 (Chrono Boost)  
  75  5:12  Probe  
  72  5:17  Probe  
  69  5:24  Probe x2  
  69  5:26  Pylon  
  69  5:29  Probe, Gateway, Stalker, Sentry  
  69  5:34  Shield Battery  
  74  5:36  Probe x2, Immortal (Chrono Boost)  
  74  5:41  Probe  
  81  5:45  Pylon  
  81  5:48  Probe x2  
  83  5:54  Probe  
  83  5:55  Zealot  
  83  5:56  Zealot x2  
  91  6:04  Probe x2, Warp Prism (Chrono Boost)  
  91  6:10  Robotics Bay  
  94  6:13  Twilight Council  
  94  6:14  Probe  
  94  6:15  Assimilator  
  94  6:16  Probe  
  94  6:18  Probe, Assimilator  
  97  6:24  Gateway  
  97  6:26  Gateway  
  99  6:35  Zealot x3  
  99  6:38  Stalker  
  107  6:40  Probe x2  
  109  6:49  Pylon  
  109  6:50  Gateway  
  109  6:52  Gateway  
  108  6:54  Observer (Chrono Boost)  
  108  6:56  Adept x2  
  111  7:06  Immortal (Chrono Boost)  
  111  7:07  Zealot  
  111  7:08  Zealot  
  117  7:10  Probe  
  117  7:14  Probe  
  117  7:15  Probe  
  109  7:17  Protoss Ground Weapons Level 2 (Chrono Boost)  
  109  7:20  Charge (Chrono Boost)  
  107  7:24  Dark Shrine  
  107  7:28  Stalker x4  
  115  7:41  Disruptor (Chrono Boost), Pylon, Photon Cannon  
  118  7:52  Nexus  
  118  7:55  Pylon  
  118  8:03  Photon Cannon  
  118  8:05  Shield Battery  
  118  8:07  Disruptor (Chrono Boost)  
  118  8:11  Probe x2  
  118  8:12  Probe  
  124  8:15  Photon Cannon  
  124  8:18  Photon Cannon  
  124  8:22  Photon Cannon  
  124  8:25  Gateway  
  124  8:28  Probe, Photon Cannon  
  124  8:29  Gateway  
  124  8:31  Probe  
  126  8:40  Photon Cannon  
  126  8:41  Dark Templar x4  
  126  8:42  Dark Templar x2  
  126  8:46  Probe, Gateway  
  126  8:47  Probe, Archon x3  
  140  8:49  Probe, Assimilator  
  141  8:56  Shield Battery  
  141  8:58  Assimilator  
  141  9:01  Disruptor (Chrono Boost), Photon Cannon  
  141  9:03  Pylon  
  141  9:04  Pylon  
  144  9:17  Dark Templar x6  
  146  9:19  Protoss Ground Weapons Level 3 (Chrono Boost)  
  146  9:20  Archon  
  146  9:21  Archon x2  
  156  9:26  Pylon  
  156  9:28  Pylon  
  156  9:31  Pylon  
  156  9:33  Dark Templar x2  
  160  9:40  Archon  
  160  9:51  Zealot x2  
  164  10:05  Stalker x4  
  164  10:07  Dark Templar x4  
  173  10:11  Probe x2, Archon x2  
  165  10:16  Zealot x3  
  167  10:21  Pylon  
  167  10:28  Probe x2 (Chrono Boost)  
  167  10:30  Photon Cannon  
  167  10:31  Zealot x3  
  171  10:38  Probe x2 (Chrono Boost)  
  171  10:40  Probe x2 (Chrono Boost), Dark Templar x5  
  183  10:44  Archon x2  
  183  10:46  Probe (Chrono Boost)  
  184  10:51  Gateway  
  184  10:53  Gateway  
  184  10:54  Gateway  
  184  10:55  Disruptor (Chrono Boost)  
  187  11:05  Zealot x4  
  187  11:12  Zealot  
  187  11:14  Zealot x4  
  187  11:16  Probe  
  187  11:17  Blink (Chrono Boost)  
  176  11:23  Disruptor (Chrono Boost), Photon Cannon  
  163  11:36  Protoss Shields Level 1 (Chrono Boost)  
  163  11:38  Zealot x8  
  179  11:49  Disruptor (Chrono Boost)  
  179  11:50  Pylon  
  179  11:52  Stalker x3  
  188  12:07  Dark Templar x7  
  192  12:11  Archon x3  
  192  12:15  Disruptor, Archon  
  186  12:18  Nexus  
  189  12:22  Photon Cannon  
  189  12:25  Shield Battery  
  189  12:36  Dark Templar x4  
  197  12:41  Archon x2, Photon Cannon  
  197  12:44  Photon Cannon  
  197  12:47  Pylon  
  197  12:51  Zealot x5  
  193  13:02  Photon Cannon  
  193  13:05  Stalker  
  193  13:07  Photon Cannon  
  193  13:08  Stalker  
  190  13:13  Probe x3 (Chrono Boost)  
  190  13:16  Probe (Chrono Boost)  
  173  13:25  Probe x3 (Chrono Boost)  
  175  13:29  Probe (Chrono Boost)  
  175  13:30  Probe x2 (Chrono Boost)  
  175  13:31  Probe (Chrono Boost)  
  175  13:33  Probe (Chrono Boost)  
  179  13:34  Pylon  
  179  13:37  Probe  
  179  13:39  Probe  
  173  13:51  Zealot  
  173  13:52  Stalker x4  
  163  13:57  Zealot x5  
  163  13:58  Zealot x3  
  172  14:03  Pylon  
Tags
 
Add a new tag
Caveats
  • Supply blocks, unpowered buildings, or Contaminate may cause inaccurate times.
  • Supply counts are checked every 10 seconds.